 Dungeon Crawl Stone Soup version 0.26-b1-32-g5d43845318 (webtiles) character file.

Game seed: 12272689261174999502

31 MisterFreud the Digger (level 3, -1/18 HPs)
             Began as an Octopode Earth Elementalist on Jan 11, 2021.
             Slain by a gnoll (4 damage)
             ... on level 1 of the Dungeon.
             The game lasted 00:01:41 (1370 turns).

MisterFreud the Digger (OpEE)                       Turns: 1370, Time: 00:01:42

Health: -1/18      AC:  5    Str:  7    XL:     3   Next: 22%
Magic:  1/6        EV: 13    Int: 18    God:
Gold:   53         SH:  0    Dex: 12    Spells: 5/6 levels left

rFire    . . .     SeeInvis .   m - -3 dagger (curse)
rCold    . . .     Faith    .   (no shield)
rNeg     . . .     Spirit   .   k - +0 hat
rPois    .         Reflect  .   (no amulet)
rElec    +         Harm     .   e - +4 ring of protection
rCorr    .         Rampage  .   (no ring)
Will     .....                  (no ring)
Stlth    +++.......             (no ring)
HPRegen  0.06/turn              (no ring)
MPRegen  0.10/turn              (no ring)
                                (no ring)
                                (no ring)

@: lethally poisoned (-1 -> -6)
A: almost no armour, stealthy swim, amphibious, 8 rings, constrict 8, camouflage
1, frail 1, electricity resistance, gelatinous body 1
a: no special abilities


You were on level 1 of the Dungeon.
You visited 1 branch of the dungeon, and saw 2 of its levels.

You collected 53 gold pieces.

Inventory:

Hand Weapons
 m - a cursed -3 dagger (weapon)
Missiles
 b - 75 stones (quivered)
Armour
 k - a +0 hat (worn)
Jewellery
 e - a +4 ring of protection (left tentacle)
 j - an uncursed ring of flight {unknown}
Scrolls
 a - 3 scrolls of remove curse {unknown}
 c - a scroll of magic mapping {unknown}
 d - a scroll of fear {unknown}
 g - a scroll of enchant weapon {unknown}
 h - 2 scrolls of identify {unknown}
 i - a scroll of noise {unknown}
 l - a scroll of teleportation {unknown}


   Skills:
 - Level 2.0 Dodging
 - Level 2.6 Stealth
 - Level 2.0 Spellcasting
 - Level 1.0 Transmutations
 + Level 4.2 Earth Magic


You had 5 spell levels left.
You knew the following spells:

 Your Spells              Type           Power        Failure   Level
a - Sandblast             Erth           34%          3%          1

Your spell library contained the following spells:

 Spells                   Type           Power        Failure   Level
 Passwall                 Tmut/Erth      9%           10%         2
 Stone Arrow              Conj/Erth      18%          22%         3
 Petrify                  Tmut/Erth      11%          52%         4
 Lee's Rapid Deconstruct  Erth           8%           65%         5


Dungeon Overview and Level Annotations

Branches:
Dungeon (2/15)

Altars:


Innate Abilities, Weirdness & Mutations

You cannot wear most types of armour.
You are very stealthy in the water. (Stealth+)
You are amphibious.
You can wear up to eight rings at the same time.
You can use your tentacles to constrict eight enemies at once.
Your skin changes colour to match your surroundings (Stealth+).
Your rubbery body absorbs attacks. (AC +1, EV +1)
You are frail. (-10% HP)
You are resistant to electric shocks. (rElec)


Message History

The gnoll hits you!
* * * LOW HITPOINT WARNING * * *
You have reached level 3!
Your experience leads to an increase in your attributes!
Increase (S)trength, (I)ntelligence, or (D)exterity?
You feel clever.
It was a potion of mutation.
You feel extremely strange.
You feel frail.
You feel insulated.
* * * LOW HITPOINT WARNING * * *
You feel sick. The gnoll closely misses you.
Casting: Sandblast (safe; 3% risk of failure)
Confirm with . or Enter, or press ? or * to list all spells.
Aiming: Sandblast (safe; 3% risk of failure)
Press: ? - help, Shift-Dir - straight line, f - gnoll
Aim: a gnoll (18% to evade)
The blast of sand hits the gnoll.
The gnoll is heavily wounded.
b - 75 stones The gnoll hits you.
You die...

######### ........#
.######.##########
................@#♣♣♣
.#.##.#.########g♣♣.♣♣♣#
.#......# #♣..♣♣♣.♣
.###.###########♣.♣P...♣
................♣.PP.P♣♣
####.##########.♣♣♣...♣
.....# #..♣♣.P♣♣ .#.#.##
##..♣.♣♣ ......# ##...#


You could see a gnoll.

Vanquished Creatures
  An adder (D:1)
  A dart slug (D:1)
  3 orcs (D:2)
  A giant cockroach (D:1)
  3 goblins (D:2)
  3 hobgoblins (D:2)
  4 frilled lizards (D:1)
  2 rats (D:2)
18 creatures vanquished.

Notes
Turn   | Place    | Note
-------+----------+-------------------------------------------
     0 | D:1      | MisterFreud the Octopode Earth Elementalist began the quest
                  | for the Orb.
     0 | D:1      | Reached XP level 1. HP: 11/11 MP: 3/3
   626 | D:1      | Reached XP level 2. HP: 17/17 MP: 5/5
  1176 | D:2      | Reached skill level 4 in Earth Magic
  1369 | D:1      | Reached XP level 3. HP: 4/21 MP: 2/6
  1369 | D:1      | Gained mutation: You are frail. (-10% HP) [potion of
                  | mutation]
  1369 | D:1      | Gained mutation: You are resistant to electric shocks.
                  | (rElec) [potion of mutation]
  1370 | D:1      | Slain by a gnoll

Illustrated notes

Levels and vault maps discovered:
D:1:      minmay_arrival_radiant_lines, layout_basic, serial_forest,
          infiniplex_forest_lined_ring, infiniplex_forest_straight_2,
          infiniplex_forest_lined_room_2, infiniplex_forest_straight_3,
          infiniplex_forest_clump_cross, infiniplex_forest_end_2,
          minmay_misc_feat_pillars
D:2:      layout_loops_cross, guppyfry_early_orc_mine, uniq_sigmund

Skill      XL: |  1  2 |
---------------+-------+-----
Earth Magic    | 4 |  4.2
Dodging        | |  2.0
Stealth        | |  2.6
Spellcasting   | |  2.0
Transmutations | |  1.0

Action                   || total
-------------------------++-------
Melee: Unarmed           ||    27
       Constrict         ||    14
       Tentacles         ||     7
       Dagger            ||    26
 Cast: Sandblast         ||     7
  Use: Potion            ||     1
 Stab: Sleeping          ||     4
Armor: Skin              ||     6
Dodge: Dodged            ||    35
